AoeStats
← Pwncakes

Black Forest

509150739Analyzed
2v2 RM · 6d ago on Sep 25, 2026· 53m 29s· 4 players
Game mode
Random Map
Map size
Medium (4 player)
Population
200
Speed
Normal
Resources
Standard
Victory
Conquest
Starting age
Dark Age
Ending age
Imperial Age
RankedLock teamsTeams togetherTeam positionsShared explorationLock speedFull tech treeHidden civsTurbo modeCheats
Victory
Defeat
🇳🇱 Italians · Netherlands
1477
+11
🇺🇸 Danes · United States
1446
+12
🇩🇪 Turks · Germany
1385
-12
🇪🇸 Georgians · Spain
1354
-11
Le Roi
0:55 Loom
9:37 Feudal Age
10:07 Double-Bit Axe
9:53 Man-at-Arms
10:57 Arson
21:29 Castle Age
20:08 Horse Collar
20:49 Gold Mining
22:59 Bow Saw
22:41 Fishing Lines
28:30 Gillnets
31:07 Wheelbarrow
34:20 Imperial Age
32:05 Stone Mining
32:47 Fletching
32:58 Padded Archer Armor
33:05 Thumb Ring
33:45 Stone Shaft Mining
33:26 Bodkin Arrow
33:54 Ballistics
36:02 Chemistry
35:24 Bracer
35:48 Town Watch
36:18 Hand Cart
37:18 Masonry
38:30 Two-Man Saw
37:32 Heavy Plow
38:37 Conscription
38:21 Scale Mail Armor
38:32 Forging
38:26 Elite Genoese Crossbowman
38:50 Pikeman
39:30 Squires
39:53 Chain Mail Armor
41:23 Treadmill Crane
43:54 Hoardings
43:53 Architecture
44:35 Murder Holes
53:11 Pirotechnia
53:05 Caravan
53:27 Silk Road
Pwncakes
0:53 Loom
11:43 Feudal Age
13:25 Wheelbarrow
12:35 Double-Bit Axe
13:07 Arson
13:44 Fishing Lines
13:45 Man-at-Arms
20:15 Castle Age
18:32 Scale Mail Armor
18:43 Forging
18:35 Scale Mail Armor
19:36 Gold Mining
20:20 Horse Collar
20:26 Long Swordsman
22:39 Squires
22:29 Gambesons
23:03 Chain Mail Armor
24:35 Gillnets
24:59 Bow Saw
31:53 Horse Collar
37:17 Imperial Age
35:39 Iron Casting
36:45 Caravan
39:22 Blast Furnace
38:07 Hamask
39:08 Conscription
39:35 Plate Mail Armor
39:31 Hand Cart
38:59 Onager
40:29 Hoardings
40:37 Fletching
42:34 Capped Ram
43:15 Elite Varangian Guard
44:37 Siege Ram
45:47 Siege Engineers
45:53 Guard Tower
46:23 Ballistics
47:04 Chemistry
46:32 Bodkin Arrow
49:33 Gold Shaft Mining
52:29 Pikeman
52:59 Halberdier
jose1998maria
1:22 Loom
12:32 Feudal Age
16:53 Wheelbarrow
19:11 Double-Bit Axe
21:51 Castle Age
20:57 Stone Mining
23:23 Bow Saw
22:55 Horse Collar
24:24 Heavy Plow
27:46 Town Watch
32:16 Husbandry
32:26 Bloodlines
32:28 Gold Mining
33:41 Hand Cart
34:21 Scale Barding Armor
37:24 Imperial Age
36:02 Chain Barding Armor
35:52 Forging
36:01 Fletching
36:39 Fortified Wall
38:10 Iron Casting
38:19 Sanctity
38:10 Fervor
38:12 Redemption
38:23 Masonry
38:36 Block Printing
38:02 Elite Monaspa
39:38 Plate Barding Armor
39:36 Conscription
39:27 Svan Towers
39:21 Bodkin Arrow
40:00 Architecture
41:57 Bracer
43:31 Ballistics
44:12 Chemistry
43:47 Light Cavalry
46:24 Theocracy
48:13 Crop Rotation
48:28 Hussar
dubidubi
1:07 Loom
11:57 Feudal Age
16:09 Scale Barding Armor
19:48 Double-Bit Axe
19:46 Fishing Lines
23:03 Castle Age
24:44 Horse Collar
24:56 Stone Mining
26:52 Bow Saw
28:43 Wheelbarrow
28:03 Gold Mining
29:25 Gillnets
33:47 Imperial Age
31:37 Hand Cart
33:16 Town Watch
35:54 Conscription
37:24 Sipahi
37:12 Heavy Plow
38:38 Husbandry
38:48 Bloodlines
39:02 Chain Barding Armor
38:53 Forging
42:06 Plate Barding Armor
42:07 Iron Casting
43:53 Caravan
45:49 Blast Furnace
48:35 Masonry
48:46 Ballistics
48:12 Arrowslits
51:17 Fletching
52:31 Two-Man Saw
53:10 Bodkin Arrow
Connection lost

Rejoining the realm…

Still unreachable

The connection could not be restored.

Session expired

The server has moved on; the page needs a fresh start.